 Dungeon Crawl Stone Soup version 0.30-a0-883-g5ad918d77d (webtiles) character file.

Game seed: 3996832039929703003

58 jasper the Grave Robber (level 3, -7/26 HPs)
             Began as a Demonspawn Wanderer on Mar 17, 2023.
             Was a Believer of Makhleb.
             Mangled by a gnoll
             ... wielding a +2 halberd of distortion
              (11 damage)
             ... on level 3 of the Dungeon.
             The game lasted 00:06:43 (2116 turns).

jasper the Grave Robber (Demonspawn Wanderer)       Turns: 2116, Time: 00:06:43

Health: -7/26      AC:  9    Str: 12    XL:     3   Next: 75%
Magic:  4/4        EV:  9    Int: 14    God:    Makhleb [**....]
Gold:   109        SH:  0    Dex: 13    Spells: 3/4 levels left

rFire   . . .      SeeInvis .    e - +0 spear
rCold   . . .      Faith    .    (no shield)
rNeg    . . .      Spirit   .    n - +2 scale mail {rPois}
rPois   +          Reflect  .    (helmet restricted)
rElec   .          Rampage  .    (no cloak)
rCorr   .                        d - +0 pair of gloves
Will    .....                    (no boots) Stlth
                                 (no amulet)
HPRegen 0.24/turn                (no ring)
MPRegen 0.09/turn                (no ring)

@: no status effects
A: antennae 1, demonic guardian 1
a: Renounce Religion, Minor Destruction


You were on level 3 of the Dungeon.
You worshipped Makhleb.
Makhleb was pleased with you.
You visited 1 branch of the dungeon, and saw 3 of its levels.

You collected 109 gold pieces.

Inventory:

Hand Weapons
 a - a +0 dagger
 e - a +0 spear (weapon)
Missiles
 h - 31 stones (quivered)
Armour
 c - a +0 robe
 d - a +0 pair of gloves (worn)
 j - a +0 ring mail
 n - a +2 scale mail of poison resistance (worn)
Scrolls
 b - 2 scrolls of blinking
 f - a scroll of teleportation
 m - 3 scrolls of fog
Potions
 g - 2 potions of curing
 i - a potion of heal wounds {unknown}


   Skills:
 + Level 1.0 Fighting
 * Level 1.1 Polearms
 + Level 0.7 Armour
 - Level 1.4 Dodging
 - Level 1.1 Stealth
 - Level 1.2 Spellcasting
 - Level 0.7 Conjurations
 - Level 4.5 Necromancy
 - Level 2.1 Poison Magic
 - Level 1.4 Evocations


You had 3 spell levels left.
You knew the following spells:

 Your Spells              Type           Power      Damage    Failure   Level
b - Sting                 Tmut/Pois      12%        1d3       65%         1

Your spell library contained the following spells:

 Spells                   Type           Power      Damage    Failure   Level
 Sublimation of Blood     Necr           13%        N/A       32%         2
 Kiss of Death            Conj/Necr      32%        2d7       43%         1
 Vampiric Draining        Necr           13%        2d6       54%         3
 Ignite Poison            Fire/Tmut/Pois 2%         N/A       97%         3


Dungeon Overview and Level Annotations

Branches:
Dungeon (3/15)

Altars:
Makhleb

Annotations:
D:2 1 runed translucent door, Crazy Yiuf


Innate Abilities, Weirdness & Mutations

You have a pair of small antennae on your head.
A weak demonic guardian rushes to your aid.


Message History

(D) Dungeon
Where to? (Enter - D:2 @ (x,y), ? - help)
There is an open door here.
Your butterfly disappears in a burst of colours!
There is a stone staircase leading down here.
You climb downwards.
You hear the sound of rushing water.
There is an entrance to a sewer on this level.
Hurry and find it before the portal rusts away!
There is a stone staircase leading up here.
You climb upwards.
Level annotation: 1 runed translucent door, Crazy Yiuf
There is a stone staircase leading down here.
There is an open door here.
There is a stone staircase leading down here.
You climb downwards.
You hear the sound of rushing water.
There is an entrance to a sewer on this level.
Hurry and find it before the portal rusts away!
There is a stone staircase leading up here.
You climb upwards.
Level annotation: 1 runed translucent door, Crazy Yiuf
There is a stone staircase leading down here.
You see here a +0 short sword.
There is an open door here.
There is an open door here.
There is a stone staircase leading down here.
You climb downwards.
You hear the sound of rushing water.
There is an entrance to a sewer on this level.
Hurry and find it before the portal rusts away!
You hear the slow rusting of a very distant drain.
The orc shouts! x2; The gnoll shouts! x3
The gnoll hits you with a +2 halberd of distortion.
Space warps horribly around you!
A demonic guardian appears!
The gnoll barely misses you. The orc barely misses you.
There is a stone staircase leading up here.
You take 12 damage, and have 14/26 hp.
MASSIVE DAMAGE!!
The gnoll closely misses you.
The gnoll hits you with a +2 halberd of distortion!
* * * LOW HITPOINT WARNING * * *
A demonic guardian appears!
Space warps horribly around you!
You die...

.#. ..## ...#
#..# #..##
.#####oog#
.....5ggo###.#
......g@.....#
..####5.####.#
#... #.#.# #.
.# .# .. . ##
## .# #


You could see 4 gnolls, 3 orcs, a friendly iron imp (summoned) and a friendly
white imp (summoned).

Vanquished Creatures
  A worm (D:2)
  2 dart slugs
  2 endoplasms
  4 giant cockroaches
  5 hobgoblins
  2 jackals (D:1)
  3 quokkas
  2 ball pythons (D:1)
  6 bats
  A frilled lizard (D:1)
  7 goblins
  6 kobolds
  6 rats
47 creatures vanquished.

Notes
Turn   | Place    | Note
-------+----------+-------------------------------------------
     0 | D:1      | jasper the Demonspawn Wanderer began the quest for the Orb.
     0 | D:1      | jasper set off with the following items: a +0 dagger, a
                  | scroll of blinking, a +0 robe, a +0 pair of gloves; and the
                  | following spells available to memorise: Sublimation of
                  | Blood, Kiss of Death, Sting, Vampiric Draining, Ignite
                  | Poison.
     0 | D:1      | Reached XP level 1. HP: 13/13 MP: 2/2
     2 | D:1      | Learned a level 1 spell: Kiss of Death
   202 | D:1      | Gained mutation: You have a pair of small antennae on your
                  | head. [demonic ancestry]
   202 | D:1      | Reached XP level 2. HP: 12/12 MP: 3/3
   205 | D:1      | Learned a level 1 spell: Sting
   444 | D:1      | Found a faded altar of an unknown god.
   465 | D:1      | Prayed at the altar of an unknown god.
   465 | D:1      | Became a worshipper of Makhleb the Destroyer
   465 | D:1      | Reached * piety under Makhleb
   557 | D:1      | Gained mutation: A weak demonic guardian rushes to your
                  | aid. [demonic ancestry]
   557 | D:1      | Reached XP level 3. HP: 17/23 MP: 4/4
  1377 | D:2      | Reached skill level 1 in Polearms
  1511 | D:2      | Reached ** piety under Makhleb
  1560 | D:2      | Reached skill level 1 in Fighting
  1667 | D:2      | Found a runed translucent door.
  1668 | D:2      | Noticed Crazy Yiuf
  2116 | D:3      | Mangled by a gnoll

Illustrated notes

Levels and vault maps discovered:
D:1:      dpeg_arrival_tiny_g, layout_basic, dreamdust_ecumenical_altar_statues
D:2:      layout_loops_corners, serial_bayou_lagoon_b, uniq_crazy_yiuf_cottage
D:3:      layout_rooms, cheibrodos_sewer_entry_bend

Skill      XL: |  1  2  3 |
---------------+----------+-----
Polearms       | 1 |  1.1
Fighting       | 1 |  1.0
Armour         | |  0.7
Dodging        | |  1.4
Stealth        | |  1.1
Spellcasting   | |  1.2
Conjurations   | |  0.7
Necromancy     | |  4.5
Poison Magic   | |  2.1
Evocations     | |  1.4

Action                     || total
---------------------------++-------
  Melee: Spear             ||   190
         Dagger            ||     3
         Punch             ||     3
  Throw: Stone             ||     3
   Cast: Kiss of Death     ||     3
         Sting             ||     4
    Use: Scroll            ||     6
   Stab: Sleeping          ||     3
         Distracted        ||     1
 Armour: Robe              ||    20
         Ring mail         ||    39
         Scale mail        ||    22
  Dodge: Dodged            ||   123

Table legend: (Time is in decaauts)
 A = Elapsed time spent in this place.
 B = Non-inter-level travel time spent in this place.
 C = Inter-level travel time spent in this place.
 D = Time resting spent in this place.
 E = Time spent auto-exploring this place.
 F = Levels seen in this place.
 G = Mean time per level.
                   A        B        C        D        E       F      G
               +--------+--------+--------+--------+--------+-----+--------+
         Total |   2144 |   1997 |    147 |     37 |   1307 |   3 |  714.7 |
       Dungeon |   2144 |   1997 |    147 |     37 |   1307 |   3 |  714.7 |
               +--------+--------+--------+--------+--------+-----+--------+

Top non-repeatable levels by time:
     D:2: 1257 daAuts
     D:1: 882 daAuts
     D:3: 4 daAuts
